 Dungeon Crawl Stone Soup version 0.24-a0-773-g3be9bf8 (webtiles) character file.

Game seed: 2784902335610038053, levelgen mode: deterministic

247 DrEnzyme the Sneak (level 6, -6/49 HPs)
             Began as a Naga Wanderer on Oct 6, 2019.
             Mangled by an orc
             ... wielding a +0 flail
              (10 damage)
             ... on level 3 of the Dungeon.
             The game lasted 00:15:31 (4379 turns).

DrEnzyme the Sneak (Naga Wanderer)                  Turns: 4379, Time: 00:15:32

Health: -6/49      AC:  3    Str: 14 (15) XL:     6   Next: 11%
Magic:  5/10       EV:  9    Int: 12 (15) God:
Gold:   166        SH:  0    Dex:  8 (9)  Spells: 2/11 levels left

rFire    . . .     SeeInvis +   j - +0 short sword
rCold    . . .     Gourm    .   (no shield)
rNeg     . . .     Faith    .   c - +0 robe
rPois    +         Spirit   .   (no helmet)
rElec    .         Reflect  .   (no cloak)
rCorr    .         Harm     .   (no gloves)
MR       .....                  (no barding)
Stlth    ++........             b - amulet of magic regeneration
HPRegen  0.16/turn              l - ring of see invisible
MPRegen  0.37/turn              (no ring)

@: very slow
A: large, see invisible, deformed body, poison resistance, slowness 2, slow
metabolism 1, spit poison 1, AC +2
a: Spit Poison


You were on level 3 of the Dungeon.
You were hungry.

You visited 1 branch of the dungeon, and saw 4 of its levels.

You collected 166 gold pieces.

Inventory:

Hand Weapons
 e - a +0 dagger
 j - a +0 short sword (weapon)
Armour
 c - a +0 robe (worn)
Jewellery
 b - an amulet of magic regeneration (around neck)
 l - a ring of see invisible (left hand)
Scrolls
 d - a scroll of magic mapping {unknown}
 g - 2 scrolls of fog {unknown}
 h - 3 scrolls of remove curse
 m - a scroll of enchant armour {unknown}
 o - 2 scrolls of enchant weapon {unknown}
 p - 2 scrolls of blinking {unknown}
Potions
 n - a potion of might
Comestibles
 f - 8 rations


   Skills:
 + Level 0.2 Fighting
 + Level 0.7 Short Blades
 * Level 2.0 Armour
 * Level 1.2 Dodging
 + Level 4.4 Stealth
 + Level 3.0 Spellcasting
 + Level 4.2 Conjurations
   Level 1.0 Charms
   Level 2.0 Ice Magic
 * Level 1.2 Poison Magic


You had 2 spell levels left.
You knew the following spells:

 Your Spells              Type           Power        Failure   Level  Hunger
a - Magic Dart            Conj           ##..         4%          1    #......
b - Searing Ray           Conj           ##....       7%          2    ###....
c - Mephitic Cloud        Conj/Pois/Air  #.......     34%         3    ###....
d - Conjure Flame         Conj/Fire      #.......     30%         3    ###....

Your spell library contained the following spells:

 Spells                   Type           Power        Failure   Level  Hunger
 Throw Flame              Conj/Fire      #.....       16%         2    ###....
 Blink                    Tloc           N/A          36%         2    ###....
 Call Imp                 Summ           #.......     36%         2    ###....
 Slow                     Hex            #.......     36%         2    ###....


Dungeon Overview and Level Annotations

Branches:
Dungeon (4/15)
 Temple: D:4-7

Altars:
Elyvilon
Gozag
Kikubaaqudgha
Makhleb
Okawaru

Annotations:
D:2 Sigmund
D:3 exclusion: 2 downstairs
D:4 Edmund


Innate Abilities, Weirdness & Mutations

You cannot wear boots.
Your serpentine skin is tough. (AC +2)
You have supernaturally acute eyesight. (SInv)
Armour fits poorly on your strangely shaped body.
Your system is resistant to poisons. (rPois)
You cover ground very slowly.
You have a slow metabolism.
You can spit poison.


Message History

Level annotation: exclusion: 2 downstairs
There is a stone staircase leading down here.
It was a potion of degeneration.
There was something very wrong with that liquid.
You feel weakened.
You feel dopey.
You feel clumsy.
You are feeling hungry.
The orc priest hits you with a +0 club.
* * * LOW HITPOINT WARNING * * *
You feel better. The orc hits you with a +0 flail.
* * * LOW HITPOINT WARNING * * *
The orc priest hits you but does no damage.
You barely miss the orc priest.
The orc priest is heavily wounded.
The orc hits you with a +0 flail.
* * * LOW HITPOINT WARNING * * *
The orc priest hits you but does no damage.
You closely miss the orc priest.
The orc priest is heavily wounded.
The orc hits you with a +0 flail!
You die...

##############
#########............#
#......@[.##.#..#..#.#
#########......oo>...#..#....###
#...........)..#[.......#.......
##.#######.####.#..รท..#######....
...# ###.# #.#<.......#...(##.
##.# ##...# #.#......#.#(##.##.
##.####....# #.#.#.#..#<#.##.##.
...........# #.#.#...........##.
.....##...## #.#.####..#..#####.


You could see an orc priest and an orc.

Vanquished Creatures
  A bullfrog skeleton (D:3)
  2 orc wizards (D:3)
  8 adders
  3 worms (D:2)
  4 dart slugs
  4 leopard geckos (D:3)
  10 bats
  5 giant cockroaches
  7 goblins
  6 hobgoblins
  7 jackals
  5 kobolds
  A quokka (D:3)
  A ball python (D:2)
  4 frilled lizards
  A jackal skeleton (D:2)
  7 rats
76 creatures vanquished.

Notes
Turn   | Place    | Note
-------+----------+-------------------------------------------
     0 | D:1      | DrEnzyme the Naga Wanderer began the quest for the Orb.
     0 | D:1      | DrEnzyme set off with the following items: a +0 club, a +0
                  | robe, a +0 dagger, a ration; and the following spell
                  | memorised: Magic Dart; and the following spells available
                  | to memorise: Searing Ray, Throw Flame, Blink, Call Imp,
                  | Slow, Conjure Flame, Mephitic Cloud
     0 | D:1      | Reached XP level 1. HP: 15/15 MP: 3/3
   268 | D:1      | Reached XP level 2. HP: 22/22 MP: 3/5
   299 | D:1      | Learned a level 2 spell: Searing Ray
   699 | D:1      | Reached XP level 3. HP: 13/28 MP: 1/6
  1656 | D:2      | Found a white marble altar of Elyvilon.
  1958 | D:2      | Noticed Sigmund
  2040 | D:2      | Found an opulent altar of Gozag.
  2042 | D:2      | Found a burning altar of Makhleb.
  2095 | D:2      | Reached XP level 4. HP: 23/36 MP: 1/7
  2197 | D:2      | Found an ancient bone altar of Kikubaaqudgha.
  2248 | D:2      | Reached skill level 1 in Armour
  2248 | D:2      | Reached skill level 1 in Dodging
  3012 | D:3      | Reached XP level 5. HP: 23/42 MP: 5/9
  3238 | D:3      | Found an iron altar of Okawaru.
  3327 | D:3      | Learned a level 3 spell: Mephitic Cloud
  3728 | D:3      | Learned a level 3 spell: Conjure Flame
  3833 | D:3      | Noticed an orc warrior
  4116 | D:3      | Reached skill level 1 in Poison Magic
  4295 | D:3      | Reached XP level 6. HP: 37/49 MP: 6/10
  4334 | D:4      | Noticed Edmund
  4379 | D:3      | Mangled by an orc

Levels and vault maps discovered:
D:1:      dpeg_arrival_prison, layout_basic, minmay_misc_feat_encased,
          serial_bayou_lagoon_a, chequers_serial_rivers_marsh,
          kennysheep_flooded_box
D:2:      layout_loops_ring, lemuel_crystal_altar, elyvilon_altar_4, minitemple,
          first_ration, minmay_ruptured, uniq_sigmund
D:3:      cheibrodos_old_hovel, layout_loops_ring, okawaru_ov_weapons_minmay
D:4:      layout_cave_pods, minmay_rat_hole, uniq_edmund

Skill      XL: |  1  2  3  4  5 |
---------------+----------------+-----
Armour         | 1 2 |  2.0
Dodging        | 1 |  1.2
Conjurations   | 4 |  4.2
Poison Magic   | 1 |  1.2
Stealth        | 4 |  4.4
Spellcasting   | 3 |  3.0
Fighting       | |  0.2
Short Blades   | |  0.7
Charms         | |  1.0
Ice Magic      | |  2.0

Action                   |  1- 3 |  4- 6 || total
-------------------------+-------+-------++-------
Melee: Club              |     1 |       ||     1
       Short sword       |    22 |    36 ||    58
 Cast: Magic Dart        |    66 |    32 ||    98
       Searing Ray       |     5 |    22 ||    27
       Conjure Flame     |       |     1 ||     1
  Use: Scroll            |       |     4 ||     4
       Potion            |       |     3 ||     3
 Stab: Sleeping          |     3 |     2 ||     5
  Eat: Chunk             |     4 |     7 ||    11
Armor: Robe              |    11 |    19 ||    30
Dodge: Dodged            |    17 |    48 ||    65

Table legend:
 A = Non-vault XP
 B = Vault XP
 C = Vault XP percentage of total XP
 D = Non-vault monster count
 E = Vault monster count
 F = Vault count percentage of total count
                 A         B        C        D         E       F
            +---------+---------+-------+---------+---------+-------
      Total |     304 |      50 |  14.1 |      68 |       8 |  10.5
            +---------+---------+-------+---------+---------+-------
        D:1 |      47 |       4 |   7.8 |      26 |       2 |   7.1
        D:2 |      50 |      44 |  46.8 |      19 |       5 |  20.8
        D:3 |     207 |       2 |   1.0 |      23 |       1 |   4.2
            +---------+---------+-------+---------+---------+-------
